 Dungeon Crawl Stone Soup version 0.29-a0-717-g6dac4ea423 (webtiles) character file.

Game seed: 8320078730819805231

62662 runemasterragnar the Devastator (level 14, -14/110 HPs)
             Began as a Pale Draconian Conjurer on June 26, 2022.
             Was a High Priest of Vehumet.
             Demolished by a vault guard
             ... wielding a +0 halberd
              (16 damage)
             ... on level 13 of the Dungeon.
             The game lasted 01:17:55 (27471 turns).

runemasterragnar the Devastator (DrCj)             Turns: 27471, Time: 01:17:57

Health: -14/110    AC: 14    Str: 14    XL:     14   Next: 65%
Magic:  17/32      EV: 12    Int: 21    God:    Vehumet [*****.]
Gold:   1028       SH:  7    Dex: 10    Spells: 13/41 levels left

rFire   . . .      SeeInvis +   y - +4 long sword (venom)
rCold   . . .      Faith    +   B - +2 buckler
rNeg    . . .      Spirit   .   (body armour unavailable)
rPois   +          Reflect  .   E - +1 hat {SInv}
rElec   .          Harm     .   (no cloak)
rCorr   .          Rampage  .   (no gloves)
Will    +....      Clarity  +   n - +0 pair of boots
Stlth   ++........              m - amulet of faith
HPRegen 0.28/turn               e - ring of poison resistance
MPRegen 0.23/turn               C - +4 ring of protection

@: no status effects
A: breathe steam, AC +8, unfitting armour, cold-blooded, steam resistance,
clarity, strong 1
a: Breathe Steam, Renounce Religion


You were on level 13 of the Dungeon.
You worshipped Vehumet.
Vehumet was extremely pleased with you.
You visited 3 branches of the dungeon, and saw 20 of its levels.

You collected 1028 gold pieces.

Inventory:

Hand Weapons
 o - a +4 long sword
 r - a +0 dagger of flaming
 y - a +4 long sword of venom (weapon)
 D - the +5 sling "Waisaigy" {freeze, Str+4}
   (You found it on level 9 of the Dungeon)

   Any ammunition fired from it freezes those it strikes, dealing additional
   cold damage.
   It can also slow down cold-blooded creatures.
   Str:       It affects your strength (+4).
Missiles
 v - 33 poisoned darts
 F - a throwing net
Armour
 n - a +0 pair of boots (worn)
 B - a +2 buckler (worn)
 E - a +1 hat of see invisible (worn)
 M - a +0 cloak
Magical Staves
 Q - a staff of earth
Jewellery
 b - an amulet of regeneration
 e - a ring of poison resistance (left hand)
 m - an amulet of faith (around neck)
 C - a +4 ring of protection (right hand)
 K - a ring of resist corrosion
 P - a ring of fire
 S - a +4 ring of evasion
Wands
 s - a wand of digging (7)
 H - a wand of flame (15)
Scrolls
 g - 3 scrolls of teleportation
 l - 2 scrolls of brand weapon
 x - a scroll of enchant weapon
 A - 2 scrolls of magic mapping
 G - 2 scrolls of summoning
 I - 2 scrolls of silence
 J - 2 scrolls of poison
 L - 2 scrolls of fog
 O - a scroll of enchant armour
Potions
 a - a potion of magic
 d - 10 potions of curing
 f - 6 potions of attraction
 h - 3 potions of brilliance
 i - 4 potions of cancellation
 j - a potion of resistance
 k - 3 potions of flight
 p - 2 potions of invisibility
 q - 5 potions of lignification
 u - 2 potions of mutation
 w - 6 potions of ambrosia
 z - 5 potions of might
 N - a potion of degeneration
Miscellaneous
 R - a phantom mirror (inert)


   Skills:
 - Level 6.2 Fighting
 - Level 3.0 Dodging
 - Level 3.0 Stealth
 - Level 5.3 Shields
 + Level 14.4 Spellcasting
 + Level 15.9 Conjurations
 + Level 5.8 Summonings
 - Level 7.2 Translocations
 - Level 7.6 Evocations


You had 13 spell levels left.
You knew the following spells:

 Your Spells              Type           Power      Damage    Failure   Level
a - Magic Dart            Conj           100%       1d8       0%          1
b - Searing Ray           Conj           100%       2d8       0%          2
c - Fulminant Prism       Conj/Hex       24%        3d13      1%          4
d - Blink                 Tloc           90%        N/A       1%          2
e - Poisonous Vapours     Pois/Air       30%        N/A       2%          2
f - Conjure Flame         Conj/Fire      48%        6-21      1%          3
g - Flame Wave            Conj/Fire      48%        2d10      1%          4
h - Stone Arrow           Conj/Erth      96%        3d13      1%          3
i - Spellforged Servitor  Conj/Summ      28%        N/A       13%         7

Your spell library contained the following spells:

 Spells                   Type           Power      Damage    Failure   Level
 Apportation              Tloc           90%        N/A       1%          1
 Call Canine Familiar     Summ           39%        N/A       1%          3
 Dazzling Flash           Conj/Hex       96%        N/A       1%          3
 Gell's Gravitas          Tloc           45%        N/A       1%          3
 Lesser Beckoning         Tloc           45%        N/A       1%          3
 Iskenderun's Mystic Bla  Conj/Tloc      59%        2d12      1%          4
 Irradiate                Conj/Tmut      24%        3d21      1%          5
 Portal Projectile        Hex/Tloc       60%        N/A       3%          3
 Ignite Poison            Fire/Tmut/Pois 15%        N/A       4%          3
 Inner Flame              Hex/Fire       15%        N/A       4%          3
 Slow                     Hex            60%        N/A       5%          1
 Manifold Assault         Tloc           45%        N/A       8%          5
 Confusing Touch          Hex            15%        N/A       16%         3
 Ozocubu's Armour         Ice            15%        N/A       16%         3
 Tukima's Dance           Hex            15%        N/A       16%         3
 Vampiric Draining        Necr           15%        2d7       16%         3
 Cause Fear               Hex            7%         N/A       45%         4
 Ice Form                 Ice/Tmut       15%        N/A       45%         4
 Leda's Liquefaction      Hex/Erth       7%         N/A       45%         4
 Blade Hands              Tmut           7%         N/A       82%         5
 Ozocubu's Refrigeration  Ice            7%         4d6       100%        7
 Discord                  Hex            7%         N/A       100%        8
 Disjunction              Tloc           22%        N/A       100%        8


Dungeon Overview and Level Annotations

Branches:
Dungeon (13/15)            Temple (1/1) D:6            Lair (6/6) D:11
  Swamp (0/4) Lair:2       Spider (0/4) Lair:2        Slime (0/5) Lair:6
    Orc (0/2) D:10         Vaults (0/5) D:13

Altars:
Ashenzari
Cheibriados
Dithmenos
Elyvilon
Fedhas
Gozag
Hepliaklqana
Kikubaaqudgha
Makhleb
Okawaru
Qazlal
Ru
Sif Muna
Trog
Uskayaw
Vehumet
Wu Jian
Xom
Yredelemnul
Zin
The Shining One
Beogh
Jiyva

Shops:
D:2 *   D:10 *

Annotations:
D:11 exclusion: ice statue
Lair:3 exclusion: oklob plant
Lair:4 exclusion: oklob plant


Innate Abilities, Weirdness & Mutations

You can breathe blasts of scalding, opaque steam.
Your pale cyan-grey scales are hard. (AC +8)
You cannot fit into any form of body armour.
You are cold-blooded and may be slowed by cold attacks.
You are immune to the effects of steam.
You possess an exceptional clarity of mind.
Your muscles are strong. (Str +4, Int/Dex -1)


Message History

The vault guard hits you with a +0 halberd!
* * * LOW HITPOINT WARNING * * *
Unknown command.
Okay, then.
Okay, then.
You feel much better.
The slime creature hits you but does no damage.
The slime creature hits you!
* * * LOW HITPOINT WARNING * * *
The vault guard hits you but does no damage.
As you read the scroll of fear, it crumbles to dust.
You assume a fearsome visage.
The slime creature looks frightened!
The vault guard resists with some effort.
The slime creature looks frightened!
The vault guard hits you with a +0 halberd.
* * * LOW HITPOINT WARNING * * *
You feel much better.
The vault guard hits you with a +0 halberd!
* * * LOW HITPOINT WARNING * * *
Okay, then.
Casting: Flame Wave (mildly dangerous; 1% risk of failure)
Confirm with . or Enter, or press ? or * to list all spells.
Okay, then.
Casting: Flame Wave (mildly dangerous; 1% risk of failure)
Confirm with . or Enter, or press ? or * to list all spells.
Aiming: Stone Arrow (safe; 1% risk of failure)
Press: ? - help, Shift-Dir - straight line, f - vault guard
Aim: a vault guard, wielding a +0 halberd and wearing a +0 plate armour (heavily wounded, 76% to hit)
The stone arrow misses the vault guard.
The vault guard hits you with a +0 halberd!
* * * LOW HITPOINT WARNING * * *
Casting: Stone Arrow (safe; 1% risk of failure)
Confirm with . or Enter, or press ? or * to list all spells.
Aiming: Stone Arrow (safe; 1% risk of failure)
Press: ? - help, Shift-Dir - straight line, f/p - vault guard
Aim: a vault guard, wielding a +0 halberd and wearing a +0 plate armour (heavily wounded, 76% to hit)
The stone arrow hits the vault guard!
The vault guard is heavily wounded.
The vault guard hits you with a +0 halberd!
You die...

.# ##.. .... ....
#.#.##..# .#
........#####.#
............#.#
..............#
....[..p......#
#...J...@.....#
....).........#
#.#.#)#)......#
..........)..#
..).....X...##
#.#.J........'##
.............#.##
...........##..# #
.#.##..###.###.###..#.


You could see a vault guard, 2 slime creatures and a nameless horror.

Vanquished Creatures
  Frances (D:12)
  Josephine (Lair:4)
  Snorg (Lair:3)
  2 boulder beetles
  A vault guard (D:13)
  2 hydras
  A catoblepas (Lair:4)
  A death knight (D:9)
  9 two-headed ogres
  6 death yaks
  2 tengu warriors
  A deep elf pyromancer (D:12)
  5 ugly things
  2 cyclopes
  2 manticores
  11 elephants
  4 black mambas
  A gargoyle (D:12)
  10 cane toads
  13 komodo dragons
  4 kobold demonologists
  A rime drake (Lair:2)
  An efreet (D:9)
  A tengu conjurer (D:12)
  A meliai (shapeshifter) (D:13)
  3 meliai
  7 hornets
  6 polar bears
  A troll (D:10)
  A queen bee (D:12)
  2 dream sheep (Lair:6)
  16 blink frogs
  4 slime creatures
  13 spriggans (Lair:6)
  2 shadows
  3 wyverns
  5 wraiths
  A golden eye (shapeshifter) (D:13)
  5 basilisks
  28 yaks
  Grum (D:11)
  2 steam dragons (D:7)
  A vampire mosquito (D:13)
  Edmund (D:6)
  Menkaure (D:5)
  2 acid dragons
  11 water moccasins
  2 orc warriors
  2 ice beasts
  5 black bears
  3 ogres
  24 wolves
  3 boggarts (Lair:6)
  2 centaurs
  A phantom (D:4)
  4 kobold brigands
  Blork the orc (D:6)
  10 bullfrogs
  2 gnoll sergeants
  9 scorpions
  14 wights
  21 killer bees
  2 electric eels (Lair:5)
  2 hounds (D:5)
  7 orc priests
  5 jellies
  Jessica (D:2)
  Natasha (thrice) (D:2)
  5 iguanas
  A gnoll shaman (D:8)
  10 orc wizards
  13 hell rats (Lair:5)
  6 adders
  8 gnolls
  A shadow imp (D:6)
  A white imp (D:5)
  An ufetubus (D:6)
  3 worms
  4 dart slugs
  22 orcs
  5 bats
  9 endoplasms
  7 giant cockroaches
  6 hobgoblins
  4 quokkas
  8 ball pythons
  4 frilled lizards
  10 goblins
  20 kobolds
  5 rats
476 creatures vanquished.

Vanquished Creatures (collateral kills)
  A boulder beetle (D:12)
  2 death yaks (Lair:2)
  A troll (D:12)
  A polar bear (Lair:6)
  A meliai (D:12)
  A spriggan (Lair:6)
  A yak (Lair:2)
  3 killer bees (D:12)
11 creatures vanquished.

Vanquished Creatures (others)
  17 fulminant prisms
  74 fungi
  89 plants
  18 toadstools (Lair:3)
198 creatures vanquished.

Grand Total: 685 creatures vanquished

Notes
Turn   | Place    | Note
-------+----------+-------------------------------------------
     0 | D:1      | runemasterragnar the Draconian Conjurer began the quest for
                  | the Orb.
     0 | D:1      | Reached XP level 1. HP: 14/14 MP: 3/3
   132 | D:1      | Found a faded altar of an unknown god.
   249 | D:1      | Reached XP level 2. HP: 12/20 MP: 1/5
  1255 | D:2      | Noticed Jessica
  1292 | D:1      | Reached XP level 3. HP: 18/26 MP: 2/6
  1352 | D:2      | Killed Jessica
  1640 | D:2      | Noticed Natasha
  1652 | D:2      | Killed Natasha
  1653 | D:2      | Reached XP level 4. HP: 13/33 MP: 0/8
  1832 | D:2      | Learned a level 2 spell: Searing Ray
  1843 | D:2      | Noticed Natasha
  1849 | D:2      | Killed Natasha
  2161 | D:2      | Noticed Natasha
  2172 | D:2      | Killed Natasha
  2173 | D:2      | Reached XP level 5. HP: 38/38 MP: 3/9
  2468 | D:2      | Found Goegurch's Assorted Antiques.
  2577 | D:2      | Learned a level 4 spell: Fulminant Prism
  2580 | D:2      | Learned a level 2 spell: Blink
  3597 | D:3      | Reached skill level 5 in Conjurations
  3599 | D:3      | Reached skill level 1 in Translocations
  3674 | D:4      | Reached XP level 6. HP: 43/45 MP: 4/11
  4470 | D:4      | Your scales start taking on a pale cyan-grey colour.
  4470 | D:4      | Reached XP level 7. HP: 50/50 MP: 9/13
  4470 | D:4      | Gained mutation: You are immune to the effects of steam.
                  | [Pale Draconian growth]
  4699 | D:5      | Entered Level 5 of the Dungeon
  4699 | D:5      | Noticed Menkaure
  4701 | D:5      | Killed Menkaure
  4702 | D:5      | Reached skill level 1 in Evocations
  4893 | D:5      | Reached skill level 6 in Conjurations
  5194 | D:5      | Reached XP level 8. HP: 57/57 MP: 15/15
  5322 | D:5      | Reached skill level 5 in Spellcasting
  5445 | D:5      | You fall into a shaft and drop 1 floor!
  5495 | D:6      | Found a staircase to the Ecumenical Temple.
  5505 | Temple   | Entered the Ecumenical Temple
  5617 | Temple   | Became a worshipper of Vehumet
  5877 | D:6      | Noticed Edmund
  5882 | D:6      | Killed Edmund
  5883 | D:6      | Reached skill level 7 in Conjurations
  5942 | D:6      | Reached skill level 5 in Translocations
  6135 | D:6      | Noticed Blork the orc
  6138 | D:6      | Killed Blork the orc
  6286 | D:7      | Reached XP level 9. HP: 54/62 MP: 3/17
  6367 | D:7      | Noticed a two-headed ogre
  6389 | D:7      | Killed a two-headed ogre
  6390 | D:7      | Reached skill level 5 in Evocations
  6401 | D:7      | Reached * piety under Vehumet
  6401 | D:7      | Offered knowledge of Freeze by Vehumet.
  6426 | D:7      | Reached skill level 8 in Conjurations
  6620 | D:7      | Found a hide-covered altar of Uskayaw.
  7085 | D:8      | Found a white marble altar of Elyvilon.
  7343 | D:8      | Found a broken altar of Ashenzari.
  7484 | D:8      | Reached ** piety under Vehumet
  7488 | D:8      | Offered knowledge of Poisonous Vapours by Vehumet.
  7489 | D:8      | Reached XP level 10. HP: 69/69 MP: 16/20
  8570 | D:8      | Gained mutation: You possess an exceptional clarity of
                  | mind. [potion of mutation]
  8570 | D:8      | Gained mutation: Your muscles are strong. (Str +4, Int/Dex
                  | -1) [potion of mutation]
  8639 | D:9      | Learned a level 2 spell: Poisonous Vapours
  8643 | D:9      | Identified the +5 sling "Waisaigy" {freeze, Str+4}
  8666 | D:9      | Noticed a purple ugly thing
  8679 | D:9      | Killed a purple ugly thing
  8680 | D:9      | Reached skill level 9 in Conjurations
  8794 | D:9      | Noticed a two-headed ogre
  8814 | D:9      | Killed a two-headed ogre
  8858 | D:9      | Noticed a manticore
  8890 | D:9      | Killed a manticore
  9100 | D:9      | Found a glowing golden altar of the Shining One.
  9152 | D:9      | Offered knowledge of Conjure Flame by Vehumet.
  9154 | D:9      | Noticed a white ugly thing
  9156 | D:9      | Noticed a red ugly thing
  9185 | D:9      | Killed a white ugly thing
  9186 | D:9      | Reached XP level 11. HP: 55/83 MP: 15/23
  9188 | D:9      | Killed a red ugly thing
  9195 | D:9      | Reached skill level 10 in Conjurations
  9195 | D:9      | Noticed a death knight
  9317 | D:9      | Got the Tome of the Voyage
  9322 | D:9      | Learned a level 3 spell: Conjure Flame
  9878 | D:9      | Killed a death knight
 10298 | D:10     | Entered Level 10 of the Dungeon
 10298 | D:10     | Found a staircase to the Orcish Mines.
 10421 | D:10     | Noticed a red ugly thing
 10538 | D:10     | Noticed a two-headed ogre
 10553 | D:10     | Noticed a wizard
 10553 | D:10     | Killed a two-headed ogre
 10554 | D:10     | Reached skill level 5 in Fighting
 10613 | D:10     | Noticed a two-headed ogre
 10650 | D:10     | Killed a two-headed ogre
 10747 | D:10     | Reached *** piety under Vehumet
 10751 | D:10     | Noticed a skeletal warrior
 10776 | D:10     | Found Htavoeqa's Humungous Hoard.
 10938 | D:10     | Noticed a two-headed ogre
 10951 | D:10     | Killed a two-headed ogre
 11542 | D:11     | Reached skill level 1 in Shields
 11605 | D:11     | Noticed a boulder beetle
 11621 | D:11     | Killed a boulder beetle
 11621 | D:11     | Offered knowledge of Flame Wave by Vehumet.
 11622 | D:11     | Reached skill level 11 in Conjurations
 11627 | D:11     | Learned a level 4 spell: Flame Wave
 11905 | D:11     | Noticed a two-headed ogre
 12001 | D:11     | Found a staircase to the Lair.
 12017 | Lair:1   | Entered Level 1 of the Lair of Beasts
 12470 | Lair:1   | Reached skill level 10 in Spellcasting
 12475 | Lair:1   | Reached XP level 12. HP: 96/96 MP: 14/26
 12482 | Lair:1   | Reached **** piety under Vehumet
 13201 | Lair:2   | Found a hole to the Spider Nest.
 13248 | Lair:2   | Offered knowledge of Stone Arrow by Vehumet.
 13258 | Lair:2   | Learned a level 3 spell: Stone Arrow
 13997 | Lair:2   | Reached skill level 5 in Shields
 13997 | Lair:2   | Reached skill level 12 in Conjurations
 14028 | Lair:2   | Noticed a death yak
 14459 | Lair:2   | Noticed a death yak
 14459 | Lair:2   | Noticed a death yak
 14460 | Lair:2   | Noticed a death yak
 14466 | Lair:2   | Killed a death yak
 14475 | Lair:2   | Killed a death yak
 14482 | Lair:2   | Killed a death yak
 14482 | Lair:2   | Reached ***** piety under Vehumet
 14482 | Lair:2   | Offered knowledge of Eringya's Noxious Bog by Vehumet.
 14836 | Lair:2   | Found a staircase to the Swamp.
 14896 | Lair:2   | Killed a death yak
 15390 | Lair:3   | Noticed Snorg
 15401 | Lair:3   | Killed Snorg
 15693 | Lair:3   | Reached skill level 13 in Conjurations
 15766 | Lair:3   | Noticed a seven-headed hydra
 15775 | Lair:3   | Killed a seven-headed hydra
 16235 | Lair:3   | Found a blossoming altar of Fedhas.
 16532 | Lair:4   | Noticed Josephine
 16792 | Lair:4   | Killed Josephine
 16793 | Lair:4   | Reached XP level 13. HP: 57/99 MP: 14/28
 18851 | Lair:5   | Reached skill level 14 in Conjurations
 19329 | Lair:5   | Offered knowledge of Spellforged Servitor by Vehumet.
 20111 | Lair:6   | Entered Level 6 of the Lair of Beasts
 20994 | Lair:6   | Found a staircase to the Slime Pits.
 20994 | Lair:6   | Found a viscous altar of Jiyva.
 21527 | Lair:6   | Learned a level 7 spell: Spellforged Servitor
 21854 | Lair:6   | Reached skill level 15 in Conjurations
 21854 | Lair:6   | Reached skill level 1 in Summonings
 21872 | Lair:6   | Reached XP level 14. HP: 23/110 MP: 18/31
 22663 | Lair:6   | Offered knowledge of Freezing Cloud by Vehumet.
 23866 | D:11     | Noticed Grum
 23877 | D:11     | Killed Grum
 25605 | D:12     | Noticed Frances
 25617 | D:12     | Killed Frances
 25624 | D:12     | Offered knowledge of Irradiate by Vehumet.
 26036 | D:12     | Got the Grimoire of Mutagenic Malediction
 26046 | D:12     | Reached skill level 5 in Summonings
 26881 | D:13     | Found a gate to the Vaults.
 27466 | D:13     | HP: 2/110 [vault guard/+0 halberd (9)]
 27471 | D:13     | Demolished by a vault guard

Illustrated notes

Levels and vault maps discovered:
D:1:      matt_arrival_diagonals, layout_basic,
          shapermc_ecumenical_altar_acropolis, minmay_lizard_pond
D:2:      layout_rooms, serial_shops, nicolae_shop_behind_doors,
          hangedman_glass_teeth, hangedman_decor_clover_reticule,
          amcnicky_mini_pool_small, uniq_jessica, uniq_natasha
D:3:      kennysheep_the_goblin_king, layout_loops_ring
D:4:      layout_gridville
D:5:      layout_loops_corners, nemelex_spade_bored_becter, uniq_menkaure
D:6:      layout_basic, minmay_temple_entry_arrows, uniq_edmund,
          uniq_blork_the_orc
D:7:      layout_cave_pools, mainiacjoe_overflow_small_starburst
D:8:      layout_loops_ring, kennysheep_mini_moat,
          mainiacjoe_overflow_six_doors_small, grunt_decor_arrowhead,
          david_defended_altar_orc
D:9:      minmay_cut_squares, layout_cave_pools, nicolae_tso_carved_into_rock
D:10:     layout_basic, orc_0_dummy, nicolae_alphabet_shops, onia_ninara_cookie
D:11:     cheibrodos_frozen_isle, layout_basic, dpeg_oklobed_lair,
          grunt_ogre_cave, grunt_ministairs_9, uniq_grum
D:12:     layout_basic, minivault_7, uniq_frances
D:13:     minmay_evil_eye, layout_basic, lightli_vaults_fourway_checkpoint,
          serial_aquarium, aquarium_bridge_square [aquarium_subvault_wall,
          aquarium_subvault_bridge, aquarium_subvault_wall,
          aquarium_subvault_bridge], aquarium_window_fake, aquarium_window_1,
          aquarium_window_3, aquarium_view_2b, aquarium_view_2e,
          aquarium_balcony_3b
Temple:   minmay_temple_bridge_d
Lair:1:   layout_cave_pods, lemuel_fruit_fields
Lair:2:   layout_cave_pods, swamp_mist_pool, nicolae_spider_entry_non_spiders,
          grunt_megastairs_1
Lair:3:   layout_roguey, tgw_fedhas, uniq_snorg
Lair:4:   layout_gridlike, infiniplex_staircase_pool_2, uniq_josephine
Lair:5:   layout_regular_city, serial_bayou_shore_a
Lair:6:   minmay_lair_end_enchanted_forest, layout_regular_city, slime_entry_1

Skill      XL: |  1  2  3  4  5  6  7  8  9 10 11 12 13 14 |
---------------+-------------------------------------------+-----
Dodging        | 2 3 |  3.0
Stealth        | 2 3 |  3.0
Spellcasting   | 3 4 5 7 8 10 11 13 14 | 14.4
Conjurations   | 5 6 7 8 9 11 13 15 | 15.9
Translocations | 1 2 3 5 6 7 |  7.2
Evocations     | 2 4 6 7 |  7.6
Fighting       | 3 6 |  6.2
Shields        | 3 5 |  5.3
Summonings     | 2 5 |  5.8

Action                   |  1- 3 |  4- 6 |  7- 9 | 10-12 | 13-15 || total
-------------------------+-------+-------+-------+-------+-------++-------
Melee: Dagger            |    44 |     8 |     1 |       |       ||    53
       Tailslap          |     5 |     2 |     6 |    31 |    48 ||    92
       Spear             |       |    66 |       |       |       ||    66
       Punch             |       |     1 |       |     1 |       ||     2
       Long sword        |       |       |    32 |   152 |   143 ||   327
       Staff             |       |       |       |       |   103 ||   103
 Cast: Magic Dart        |    48 |    53 |    11 |    22 |    13 ||   147
       Searing Ray       |       |    25 |    24 |    40 |    18 ||   107
       Blink             |       |       |     1 |     4 |     3 ||     8
       Fulminant Prism   |       |       |     1 |     3 |    13 ||    17
       Poisonous Vapours |       |       |       |    77 |   109 ||   186
       Conjure Flame     |       |       |       |     4 |       ||     4
       Stone Arrow       |       |       |       |    47 |   208 ||   255
       Flame Wave        |       |       |       |     4 |    10 ||    14
       Spellforged Servi |       |       |       |       |     9 ||     9
 Abil: Breathe Steam     |       |       |    36 |    75 |    62 ||   173
Evoke: Wand              |       |       |     3 |    17 |       ||    20
       Phantom mirror    |       |       |       |       |     1 ||     1
  Use: Potion            |     1 |       |       |     4 |     5 ||    10
       Scroll            |       |     9 |     4 |     8 |     8 ||    29
 Stab: Sleeping          |       |     2 |     1 |     1 |       ||     4
       Distracted        |       |       |       |     1 |       ||     1
Armor: Skin              |    23 |    25 |    20 |   142 |   254 ||   464
Dodge: Dodged            |    46 |    60 |    47 |   168 |   305 ||   626
Block: Buckler           |       |       |       |    58 |   198 ||   256

Table legend: (Time is in decaauts)
 A = Elapsed time spent in this place.
 B = Non-inter-level travel time spent in this place.
 C = Inter-level travel time spent in this place.
 D = Time resting spent in this place.
 E = Time spent auto-exploring this place.
 F = Levels seen in this place.
 G = Mean time per level.
                   A        B        C        D        E       F      G
               +--------+--------+--------+--------+--------+-----+--------+
         Total |  27662 |  26812 |    850 |   3802 |  18589 |  20 | 1383.1 |
       Dungeon |  15529 |  15166 |    363 |   2056 |  10483 |  13 | 1194.5 |
        Temple |    185 |     82 |    103 |      0 |     75 |   1 |  185.0 |
          Lair |  11947 |  11563 |    384 |   1746 |   8031 |   6 | 1991.2 |
               +--------+--------+--------+--------+--------+-----+--------+

Top non-repeatable levels by time:
  Lair:6: 3641 daAuts
  Lair:2: 2006 daAuts
    D:12: 1918 daAuts
     D:8: 1877 daAuts
  Lair:5: 1811 daAuts
  Lair:4: 1664 daAuts
  Lair:3: 1598 daAuts
    D:11: 1577 daAuts
     D:9: 1385 daAuts
     D:2: 1353 daAuts
     D:1: 1336 daAuts
  Lair:1: 1226 daAuts
    D:10: 1052 daAuts
     D:4: 1040 daAuts
     D:3: 977 daAuts
